 Dungeon Crawl Stone Soup version 0.31-a0-1206-g41278d8d1d (webtiles) character file.

Game seed: 5422400811083478576

7699 Uhlv the Cleaver (level 11, -7/102 HPs)
             Began as a Minotaur Fighter on Dec 13, 2023.
             Was an Elder of Okawaru.
             Mangled by a rust devil (12 damage)
             ... summoned by a kobold demonologist
             ... on level 9 of the Dungeon.
             The game lasted 00:15:45 (9446 turns).

Uhlv the Cleaver (Minotaur Fighter)                 Turns: 9446, Time: 00:15:46

Health: -7/102     AC: -20   Str: 25    XL:     11   Next: 0%
Magic:  13/15      EV:  8    Int:  5    God:    Okawaru [****..]
Gold:   501        SH:  5    Dex: 10    Spells: 10/10 levels left

rFire   . . .        a - +0 war axe
rCold   . . .        c - +0 buckler
rNeg    . . .        x - +0 plate armour
rPois   .            v - +0 hat
rElec   .            h - +0 cloak
rCorr   .            (no gloves)
SInv    .            (no boots)
Will    .....        (no amulet) Stlth
                     (no ring)
HPRegen 0.37/turn    (no ring)
MPRegen 0.14/turn

%: no passive effects
@: heroic, corroded, studying Translocations
A: horns 2, retaliatory headbutt
a: Renounce Religion, Heroism, Finesse


You were on level 9 of the Dungeon.
You worshipped Okawaru.
Okawaru was greatly pleased with you.
You visited 2 branches of the dungeon, and saw 10 of its levels.

You collected 540 gold pieces.
You spent 39 gold pieces at shops.

Inventory:

Hand Weapons
 a - a +0 war axe (weapon)
Armour
 b - a +0 scale mail
 c - a +0 buckler (worn)
 h - a +0 cloak (worn)
 r - a +0 chain mail
 v - a +0 hat (worn)
 x - a +0 plate armour (worn)
Jewellery
 j - a ring of fire
 B - a ring of ice
 C - a ring of fire
 I - a ring of ice
Wands
 k - a wand of mindburst (36)
 y - a wand of light (10)
 F - a wand of iceblast (6)
 H - a wand of flame (13)
Scrolls
 e - 2 scrolls of silence {unknown}
 g - 8 scrolls of identify {unknown}
 i - 2 scrolls of teleportation {unknown}
 m - 2 scrolls of fog {unknown}
 n - 4 scrolls of blinking {unknown}
 o - 3 scrolls of noise {unknown}
 p - 2 scrolls of enchant weapon {unknown}
 u - a scroll of immolation {unknown}
 D - a scroll of revelation {unknown}
 E - a scroll of fear {unknown}
 J - a scroll of enchant armour {unknown}
 K - a scroll of amnesia {unknown}
Potions
 d - a potion of might
 f - 6 potions of curing
 l - 4 potions of enlightenment {unknown}
 q - a potion of degeneration {unknown}
 s - a potion of haste {unknown}
 t - 2 potions of lignification {unknown}
 w - 3 potions of heal wounds {unknown}
 z - 2 potions of mutation {unknown}
 A - 2 potions of resistance {unknown}
 G - a potion of attraction {unknown}


   Skills:
 + Level 11.2(16.2) Fighting
 * Level 14.9(19.9) Axes
 - Level 3.6(8.6) Armour
 - Level 3.6(8.6) Shields
 + Level 7.2 Invocations


You had 10 spell levels left.
You didn't know any spells.
Your spell library contained the following spells:

 Spells                   Type           Power      Damage    Failure   Level
 Static Discharge         Conj/Air       0%         3-3/arc   100%        2
 Airstrike                Air            0%         2d(0-16)  100%        4
 Summon Lightning Spire   Summ/Air       Unusable   N/A       N/A         4

Dungeon Overview and Level Annotations

Branches:
Dungeon (9/15)             Temple (1/1) D:4             Orc (0/2) D:9
   Lair: D:8-11

Altars:
Ashenzari
Cheibriados
Elyvilon
Fedhas
Gozag
Hepliaklqana
Kikubaaqudgha
Makhleb
Nemelex Xobeh
Okawaru
Qazlal
Ru
Sif Muna
Trog
Uskayaw
Vehumet
Wu Jian
Xom
Yredelemnul
Zin
The Shining One

Shops:
D:3 !   D:7 (([


Innate Abilities, Weirdness & Mutations

You have a pair of horns on your head.
You reflexively headbutt those who attack you in melee.


Message History

You hit the rust devil but do no damage.
You barely miss the crimson imp. You closely miss the rust devil.
You block the rust devil's attack. The rust devil barely misses you.
You furiously retaliate!
You headbutt the rust devil, but do no damage.
You hit the kobold demonologist but do no damage.
The kobold demonologist is heavily wounded.
You hit the iron imp but do no damage.
You hit the rust devil but do no damage.
You closely miss the crimson imp.
You hit the rust devil but do no damage.
You block the crimson imp's attack.
The kobold demonologist hits you with a +0 dagger.
The rust devil hits you! The rust devil corrodes you! The rust devil hits you!
The rust devil corrodes you!
You slash the kobold demonologist!
The kobold demonologist is severely wounded.
You hit the rust devil but do no damage.
You barely miss the iron imp. You closely miss the rust devil.
You barely miss the crimson imp. The crimson imp barely misses you.
The kobold demonologist casts a spell.
The iron imp shouts, "Go and return not, thou pecksniffian clapper-clawed haggard!"
You block the iron imp's attack. The rust devil hits you!
* * * LOW HITPOINT WARNING * * *
The rust devil corrodes you! The rust devil hits you.
* * * LOW HITPOINT WARNING * * *
The rust devil corrodes you!
You barely miss the kobold demonologist.
The kobold demonologist is severely wounded.
You hit the rust devil but do no damage.
You hit the iron imp. You closely miss the rust devil.
You slash the crimson imp! The crimson imp hits you.
* * * LOW HITPOINT WARNING * * *
The kobold demonologist hits you with a +0 dagger.
* * * LOW HITPOINT WARNING * * *
The iron imp hits you.
* * * LOW HITPOINT WARNING * * *
You gain the combat prowess of a mighty hero.
The rust devil hits you!
You die...

#
#.....###÷.>......####...####
#...#.# ##.......## ##†##
#...#.# ##.....## #.# ##.##.#
##(..## #.# .....# ##'## #.#
##. ### #.# #.# #. #.# ## #.#
##5#...# #.# #@4.# #.# #4K5##
#.#5## ....4. ###.#.# #.#. #
#


You could see a hellwing (summoned), 2 rust devils, a kobold demonologist, an
iron imp (summoned), a crimson imp (summoned) and a shadow imp (summoned).

Vanquished Creatures
  2 two-headed ogres
  An ugly thing (D:8)
  Maurice (D:8)
  A cyclops (D:8)
  Joseph (D:8)
  A komodo dragon (D:9)
  Maggie (D:8)
  A hornet (D:9)
  Grinder (D:4)
  Prince Ribbit (D:8)
  A wyvern (D:9)
  Edmund (D:4)
  3 wargs (D:9)
  An acid dragon (D:8)
  3 orc warriors
  2 black bears
  A sky beast (D:6)
  An ice beast (D:6)
  2 ogres (D:4)
  2 centaurs
  A phantom (D:7)
  5 kobold brigands
  A bullfrog (D:8)
  A gnoll sergeant (D:8)
  5 scorpions
  5 wights (D:7)
  3 howler monkeys
  3 jellies
  A gnoll bouda (D:8)
  3 hounds
  5 orc priests
  4 iguanas
  Jessica (D:3)
  Natasha (D:3)
  10 orc wizards
  Robin (D:3)
  10 gnolls (D:8)
  5 adders
  A shadow imp (D:7)
  2 white imps
  An ufetubus (D:5)
  4 worms
  3 dart slugs
  36 orcs
  9 endoplasms
  2 giant cockroaches (D:1)
  16 goblins
  5 hobgoblins
  4 jackals (D:5)
  8 quokkas
  7 ball pythons
  9 bats
  A frilled lizard (D:2)
  31 kobolds
  3 rats
235 creatures vanquished.

Notes
Turn   | Place    | Note
-------+----------+-------------------------------------------
     0 | D:1      | Uhlv the Minotaur Fighter began the quest for the Orb.
     0 | D:1      | Reached XP level 1. HP: 19/19 MP: 0/0
    89 | D:1      | Reached skill level 3 in Axes
   101 | D:1      | Reached XP level 2. HP: 27/27 MP: 1/1
   470 | D:1      | Reached XP level 3. HP: 29/33 MP: 2/2
   738 | D:2      | Reached skill level 4 in Axes
  1071 | D:2      | Reached XP level 4. HP: 34/41 MP: 3/3
  1527 | D:3      | Noticed Jessica
  1532 | D:3      | Killed Jessica
  1559 | D:3      | Reached skill level 5 in Axes
  1561 | D:3      | Reached skill level 5 in Fighting
  1566 | D:3      | Reached XP level 5. HP: 45/48 MP: 4/4
  1635 | D:3      | Noticed Natasha
  1640 | D:3      | Killed Natasha
  1702 | D:3      | Reached skill level 6 in Axes
  1812 | D:3      | Noticed Robin
  1821 | D:3      | Killed Robin
  1962 | D:3      | Found Xiudyl's Distillery.
  1974 | D:3      | Bought a potion of curing for 39 gold pieces
  2005 | D:3      | Reached XP level 6. HP: 50/56 MP: 5/5
  2757 | D:4      | Noticed Grinder
  2765 | D:4      | Killed Grinder
  2766 | D:4      | Reached skill level 7 in Axes
  2766 | D:4      | Reached XP level 7. HP: 26/64 MP: 6/6
  2925 | D:4      | Reached skill level 8 in Axes
  3061 | D:4      | Noticed Edmund
  3069 | D:4      | Killed Edmund
  3152 | D:4      | Found a staircase to the Ecumenical Temple.
  3168 | Temple   | Entered the Ecumenical Temple
  3193 | Temple   | Became a worshipper of Warmaster Okawaru
  3567 | D:4      | Reached skill level 9 in Axes
  3567 | D:4      | Reached skill level 1 in Invocations
  3623 | D:4      | Reached XP level 8. HP: 68/73 MP: 6/8
  3947 | D:5      | Entered Level 5 of the Dungeon
  4073 | D:5      | Reached * piety under Okawaru
  4272 | D:5      | Reached skill level 10 in Axes
  4416 | D:5      | Found a hazy altar of Hepliaklqana.
  4959 | D:6      | Reached ** piety under Okawaru
  4960 | D:6      | Reached skill level 11 in Axes
  5028 | D:6      | Reached XP level 9. HP: 73/82 MP: 10/10
  5281 | D:7      | HP: 3/78 [wight/+2 great sword (6)]
  5535 | D:7      | Found Neulaub's Armour Boutique.
  5542 | D:7      | Found Nuunyolitz's Weapon Boutique.
  5544 | D:7      | Found Deoth's Weapon Boutique.
  6322 | D:8      | Identified the +1 helmet of the Depths {rC+}
  6375 | D:8      | Noticed Maurice
  6381 | D:8      | Something stole a ring of fire
  6382 | D:8      | Something stole 159 gold
  6383 | D:8      | Something stole 143 gold
  6384 | D:8      | Something stole 74 gold
  6405 | D:8      | Killed Maurice
  6406 | D:8      | Reached skill level 12 in Axes
  6662 | D:8      | Noticed Joseph
  6675 | D:8      | Killed Joseph
  6676 | D:8      | Reached skill level 5 in Invocations
  6853 | D:8      | HP: 2/85 [orc priest/+0 hand axe (6)]
  7109 | D:8      | Noticed a two-headed ogre
  7120 | D:8      | Killed a two-headed ogre
  7120 | D:8      | Reached *** piety under Okawaru
  7121 | D:8      | Reached skill level 13 in Axes
  7121 | D:8      | Reached XP level 10. HP: 85/93 MP: 11/13
  7182 | D:8      | Noticed Prince Ribbit
  7198 | D:8      | Reached skill level 10 in Fighting
  7220 | D:8      | Killed Prince Ribbit
  7530 | D:8      | Noticed a cyclops
  7539 | D:8      | Killed a cyclops
  7707 | D:8      | Noticed a cyan ugly thing
  7707 | D:8      | Identified the +3 long sword "Nouxaekh" {elec, rC+}
  7718 | D:8      | Killed a cyan ugly thing
  8003 | D:8      | Noticed Maggie
  8004 | D:8      | Found a burning altar of Makhleb.
  8012 | D:8      | Killed Maggie
  8013 | D:8      | Reached skill level 14 in Axes
  8014 | D:8      | Found an opulent altar of Gozag.
  8067 | D:8      | Found a white marble altar of Elyvilon.
  8489 | D:9      | Reached **** piety under Okawaru
  8513 | D:9      | Noticed a two-headed ogre
  8525 | D:9      | Killed a two-headed ogre
  8922 | D:9      | Found a sparkling altar of Nemelex Xobeh.
  9111 | D:9      | Found a staircase to the Orcish Mines.
  9130 | D:9      | Reached XP level 11. HP: 34/102 MP: 15/15
  9445 | D:9      | HP: 5/102 [iron imp[a kobold demonologist] (5)]
  9446 | D:9      | Mangled by a rust devil

Illustrated notes

Levels and vault maps discovered:
D:1:      matt_arrival_refuge, layout_rooms, roderic_malta_cross
D:2:      layout_basic, grunt_ministairs_14, chequers_avenue, solitary_fountain,
          kennysheep_generic_room_14
D:3:      layout_rooms, serial_shops, nicolae_shop_pleasant_corner_grove,
          uniq_robin, uniq_jessica, uniq_natasha
D:4:      layout_cave_pods, minmay_temple_entry_glassed_door, bh_walls_and_bars,
          uniq_edmund, uniq_grinder
D:5:      layout_rooms, mainiacjoe_overflow_concentric_impassable,
          minmay_manual_monstrance
D:6:      layout_basic
D:7:      layout_loops_ring, grunt_ministairs_2,
          amcnicky_mini_rare_corridor_liquid, nicolae_shop_distant_corner_stores
D:8:      wad_cavern_with_rooms, layout_basic, minmay_overflow_temple_star_quad,
          uniq_joseph, uniq_prince_ribbit1, uniq_maurice, uniq_maggie
D:9:      layout_loops_corners, nemelex_xobeh_ov_fountains_minmay,
          lair_entry_dummy, minmay_orc_entry_guard_dogs
Temple:   nicolae_temple_bog_church

Skill      XL: |  1  2  3  4  5  6  7  8  9 10 |
---------------+-------------------------------+-----
Axes           | 3 4 5 6 7 9 11 13 14 | 14.9
Fighting       | 4 5 6 7 8 9 11 | 11.2
Invocations    | 1 3 5 7 |  7.2
Armour         | |  3.6
Shields        | |  3.6

Action                     |  1- 3 |  4- 6 |  7- 9 | 10-12 || total
---------------------------+-------+-------+-------+-------++-------
  Melee: War axe           |    76 |   103 |   292 |   168 ||   639
         Headbutt          |     8 |    17 |    54 |    25 ||   104
 Invoke: Heroism           |       |       |     4 |     6 ||    10
    Use: Potion            |       |       |       |     1 ||     1
 Armour: Scale mail        |    59 |    29 |       |       ||    88
         Chain mail        |       |    65 |    52 |       ||   117
         Plate armour      |       |       |   192 |   116 ||   308
  Dodge: Dodged            |    38 |    44 |    74 |    46 ||   202
  Block: Buckler           |    26 |    31 |    63 |    23 ||   143

Table legend: (Time is in decaauts)
 A = Elapsed time spent in this place.
 B = Non-inter-level travel time spent in this place.
 C = Inter-level travel time spent in this place.
 D = Time resting spent in this place.
 E = Time spent auto-exploring this place.
 F = Levels seen in this place.
 G = Mean time per level.
                   A        B        C        D        E       F      G
               +--------+--------+--------+--------+--------+-----+--------+
         Total |   9454 |   9181 |    273 |   2426 |   5427 |  10 |  945.4 |
       Dungeon |   9404 |   9154 |    250 |   2426 |   5427 |   9 | 1044.9 |
        Temple |     49 |     26 |     23 |      0 |      0 |   1 |   49.0 |
               +--------+--------+--------+--------+--------+-----+--------+

Top non-repeatable levels by time:
     D:8: 2018 daAuts
     D:4: 1664 daAuts
     D:7: 1074 daAuts
     D:9: 1074 daAuts
     D:2: 899 daAuts
     D:3: 732 daAuts
     D:6: 683 daAuts
     D:1: 657 daAuts
     D:5: 599 daAuts
  Temple: 49 daAuts
